 Dungeon Crawl Stone Soup version 0.30.0-5-g1a98f26d00 (webtiles) character file.

Game seed: 4930341421991594718

210 voltaire321 the Magician (level 5, -2/29 HPs)
             Began as a Deep Elf Earth Elementalist on May 10, 2023.
             Slain by an ice beast (13 damage)
             ... on level 4 of the Dungeon.
             The game lasted 00:08:53 (3336 turns).

voltaire321 the Magician (DEEE)                     Turns: 3336, Time: 00:08:53

Health: -2/29      AC:  2    Str:  7    XL:     5   Next: 56%
Magic:  2/13       EV: 13    Int: 20    God:
Gold:   92         SH:  0    Dex: 15    Spells: 6/12 levels left

rFire   . . .        d - +0 dagger (venom)
rCold   . . .        (no shield)
rNeg    . . .        a - +0 robe
rPois   .            (no helmet)
rElec   .            (no cloak)
rCorr   .            (no gloves)
SInv    .            (no boots)
Will    .....        (no amulet)
Stlth   ++           (no ring)
HPRegen 0.24/turn    (no ring)
MPRegen 0.13/turn

%: no passive effects
@: no status effects
A: no striking features
a: no special abilities


You were on level 4 of the Dungeon.
You visited 1 branch of the dungeon, and saw 4 of its levels.

You collected 92 gold pieces.

Inventory:

Hand Weapons
 d - a +0 dagger of venom (weapon)
 q - a +0 rapier
Armour
 a - a +0 robe (worn)
Jewellery
 u - an amulet of guardian spirit
Wands
 o - a wand of polymorph (3)
Scrolls
 f - 2 scrolls of fear {unknown}
 g - 2 scrolls of identify
 h - a scroll of magic mapping {unknown}
 j - a scroll of vulnerability {unknown}
 l - a scroll of fog {unknown}
 p - 2 scrolls of enchant armour {unknown}
 r - a scroll of teleportation {unknown}
 s - a scroll of immolation {unknown}
 t - a scroll of noise {unknown}
Potions
 b - 2 potions of magic
 c - a potion of mutation {unknown}
 e - a potion of brilliance
 i - 2 potions of curing
 k - a potion of lignification {unknown}
 m - a potion of attraction {unknown}
 n - a potion of flight {unknown}


   Skills:
 + Level 1.3 Fighting
 + Level 1.5 Armour
 + Level 3.8 Dodging
 - Level 2.4 Stealth
 + Level 4.1 Spellcasting
 + Level 1.3 Conjurations
 - Level 2.0 Transmutations
 + Level 4.1 Earth Magic


You had 6 spell levels left.
You knew the following spells:

 Your Spells              Type           Power      Damage    Failure   Level
a - Sandblast             Erth           40%        2d10      2%          1
b - Passwall              Tmut/Erth      13%        N/A       5%          2
c - Stone Arrow           Conj/Erth      30%        3d8       12%         3

Your spell library contained the following spells:

 Spells                   Type           Power      Damage    Failure   Level
 Sting                    Tmut/Pois      32%        1d4       9%          1
 Poisonous Vapours        Pois/Air       8%         N/A       19%         2
 Hailstorm                Conj/Ice       6%         3d4       28%         3
 Petrify                  Tmut/Erth      16%        N/A       34%         4
 Animate Armour           Summ/Erth      24%        N/A       47%         4
 Ice Form                 Ice/Tmut       8%         N/A       63%         4
 Olgreb's Toxic Radiance  Pois           4%         N/A       77%         4
 Simulacrum               Ice/Necr       2%         N/A       100%        6
 Lehudib's Crystal Spear  Conj/Erth      7%         10d3      100%        8


Dungeon Overview and Level Annotations

Branches:
Dungeon (4/15)
 Temple: D:4-7

Altars:
Ashenzari
Dithmenos


Message History

You are very lightly contaminated with residual magic.
Nothing appears to happen.
The endoplasm quivers.
The ice beast attacks as you move away! The ice beast misses you.
Aiming: Sandblast (safe; 2% risk of failure)
Press: ? - help, Q - select action, (/) - cycle Shift-Dir - straight line, f/p - ice beast
Aim: an ice beast (lightly wounded, 83% to hit)
The blast of sand hits the endoplasm!
You kill the endoplasm!
The ice beast closely misses you.
Aiming: Sandblast (safe; 2% risk of failure)
Press: ? - help, Q - select action, (/) - cycle Shift-Dir - straight line, f/p - ice beast
Aim: an ice beast (lightly wounded, 83% to hit)
The blast of sand hits the ice beast.
The ice beast is lightly wounded.
The ice beast barely misses you.
Aiming: Sandblast (safe; 2% risk of failure)
Press: ? - help, Q - select action, (/) - cycle Shift-Dir - straight line, f/p - ice beast
Aim: an ice beast (lightly wounded, 83% to hit)
The blast of sand hits the ice beast.
The ice beast is moderately wounded.
The ice beast closely misses you. The ice beast hits you.
The ice beast freezes you!
Casting: Sandblast (safe; 2% risk of failure)
Confirm with . or Enter, or press ? or * to list all spells.
The spell is quite dangerous to miscast (12% risk of failure)!
Continue anyway?
Aiming: Stone Arrow (quite dangerous; 12% risk of failure)
Press: ? - help, Shift-Dir - straight line, f/p - ice beast
Aim: an ice beast (moderately wounded, 68% to hit)
The stone arrow misses the ice beast.
The ice beast hits you. The ice beast freezes you.
* * * LOW HITPOINT WARNING * * *
It was a potion of curing.
You feel better.
The ice beast hits you but does no damage.
Your magical contamination has completely faded away.
As you read the scroll labelled HERIMIGIOH, it crumbles to dust.
It is a scroll of identify.
e - a potion of brilliance The ice beast hits you.
The ice beast freezes you!
You die...

....... ....(..
##.## #..!.?####
...# ....$... ...#
.... .###..... ...#
#..# ......#$###
#..#######..#
..........#
#...........#
.####.#.#Y#
#..##.......## ..
#.#@# #..##.....<...
##
#.#.###..##.#####.##
#.#.........# #.#
#.#####..##<#####.#
#.# #...........#
#.# #.......###.#
#.....#.# #.#
#####.#.# #.# #.#.#
#.#


You could see an ice beast.

Vanquished Creatures
  An orc wizard (D:3)
  Natasha (thrice) (D:2)
  4 adders
  An ufetubus (D:3)
  A worm (D:2)
  A dart slug (D:2)
  3 orcs (D:3)
  3 bats
  8 endoplasms
  2 giant cockroaches
  6 goblins
  5 hobgoblins
  4 jackals (D:1)
  5 quokkas
  3 ball pythons
  8 kobolds
  5 rats
63 creatures vanquished.

Notes
Turn   | Place    | Note
-------+----------+-------------------------------------------
     0 | D:1      | voltaire321 the Deep Elf Earth Elementalist began the quest
                  | for the Orb.
     0 | D:1      | Reached XP level 1. HP: 10/10 MP: 6/6
   274 | D:1      | Reached XP level 2. HP: 15/15 MP: 6/8
   480 | D:1      | Learned a level 2 spell: Passwall
  1188 | D:2      | Reached XP level 3. HP: 20/20 MP: 7/9
  1243 | D:2      | Noticed Natasha
  1252 | D:2      | Killed Natasha
  1454 | D:2      | Found a shadowy altar of Dithmenos.
  1553 | D:2      | Learned a level 3 spell: Stone Arrow
  1578 | D:2      | Reached skill level 1 in Armour
  1578 | D:2      | Reached XP level 4. HP: 21/24 MP: 3/11
  1659 | D:2      | Noticed Natasha
  1668 | D:2      | Killed Natasha
  1669 | D:2      | Reached skill level 1 in Fighting
  2217 | D:2      | Noticed Natasha
  2231 | D:2      | Killed Natasha
  2232 | D:2      | Reached XP level 5. HP: 29/29 MP: 10/13
  2432 | D:3      | Reached skill level 1 in Conjurations
  2446 | D:3      | Found a broken altar of Ashenzari.
  3323 | D:4      | Noticed an ice beast
  3336 | D:4      | Slain by an ice beast

Illustrated notes

Levels and vault maps discovered:
D:1:      dpeg_arrival_concentric_ovals, layout_basic
D:2:      layout_basic, basic_altar, palyth_stone_intersect, grunt_ministairs_8,
          grunt_decor_one_mirror, nrook_mini_vaults, minmay_tromino_i4,
          uniq_natasha
D:3:      layout_loops_corners, ashenzari_altar_1
D:4:      layout_loops_ring, grunt_temple_overflow_open,
          hellmonk_guarded_unrand_hermit

Skill      XL: |  1  2  3  4  5 |
---------------+----------------+-----
Dodging        | 3 |  3.8
Armour         | 1 |  1.5
Fighting       | 1 |  1.3
Transmutations | 2 |  2.0
Spellcasting   | 4 |  4.1
Conjurations   | 1 |  1.3
Earth Magic    | 4 |  4.1
Stealth        | |  2.4

Action                     |  1- 3 |  4- 6 || total
---------------------------+-------+-------++-------
  Melee: Dagger            |     2 |     1 ||     3
         Unarmed           |       |     6 ||     6
   Cast: Sandblast         |    54 |    46 ||   100
         Stone Arrow       |       |     2 ||     2
    Use: Scroll            |       |     1 ||     1
         Potion            |       |     1 ||     1
   Stab: Sleeping          |     1 |       ||     1
 Armour: Robe              |     4 |     3 ||     7
         Skin              |       |     1 ||     1
  Dodge: Dodged            |     9 |    17 ||    26
